 Dungeon Crawl Stone Soup version 0.30-a0-777-ga9a30cbeda (webtiles) character file.

Game seed: 7142638974298913416

462 tilp the Fighter (level 7, 0/121 HPs)
             Began as a Meteoran Fighter on Feb 13, 2023.
             Succumbed to a gnoll's poison
             ... on level 3 of the Dungeon.
             The game lasted 00:03:09 (734 turns).

tilp the Fighter (Meteoran Fighter)                  Turns: 734, Time: 00:03:10

Health: 0/121      AC: 23    Str: 18    XL:     7   Next: 54%
Magic:  0/8        EV:  2    Int:  9    God:
Gold:   73         SH:  5    Dex: 14    Spells: 6/6 levels left

rFire   . . .      SeeInvis .    a - +0 long sword
rCold   . . .      Faith    .    c - +0 buckler
rNeg    . . .      Spirit   +    (body armour currently unavailable)
rPois   +          Reflect  .    (helmet currently unavailable)
rElec   .          Harm     .    (cloak currently unavailable)
rCorr   .          Rampage  .    (gloves currently unavailable)
Will    .....      NoTele   +    (boots currently unavailable)
Stlth   +                        m - amulet of guardian spirit
HPRegen 0.40/turn                (no ring)
MPRegen 0.11/turn                (no ring)

@: lethally poisoned (0 -> -3), tree-form, attractive, glowing
A: stationary, stasis, torment immunity, boosted hp, sense surroundings 1,
otherworldly, glowing, explore regen, clumsy 1
a: no special abilities


You were on level 3 of the Dungeon.
You were a tree.
You visited 1 branch of the dungeon, and saw 4 of its levels.

You collected 73 gold pieces.

Inventory:

Hand Weapons
 a - a +0 long sword (weapon)
Missiles
 h - 12 stones (quivered)
 r - 2 boomerangs
Armour
 b - a +0 scale mail (melded)
 c - a +0 buckler (worn)
 p - a +0 pair of gloves (melded)
Jewellery
 m - an amulet of guardian spirit (around neck)
Scrolls
 f - 2 scrolls of identify {unknown}
 k - a scroll of immolation {unknown}
 l - 3 scrolls of teleportation {unknown}
 n - 2 scrolls of silence {unknown}
 o - a scroll of magic mapping {unknown}
Potions
 d - a potion of might
 j - a potion of mutation
 s - a potion of berserk rage {unknown}
 t - a potion of flight {unknown}


   Skills:
 - Level 14.1 Fighting
 * Level 4.3 Long Blades
 - Level 4.0 Armour
 * Level 3.3 Dodging
 - Level 2.0 Stealth
 - Level 4.0 Shields


You had 6 spell levels left.
You didn't know any spells.
Your spell library was empty.

Dungeon Overview and Level Annotations

Branches:
Dungeon (4/15) Zot: 1621
 Temple: D:4-7

Altars:


Innate Abilities, Weirdness & Mutations

You are a tree.
Your roots penetrate the ground, keeping you stationary.
You cannot be teleported.
You are immune to unholy pain and torment.
Your maximum health is greatly increased.
Your equipment is partially melded.
You passively map a small area around you.
You are easily found by Zot.
You glow in the dark.
You regain HP and MP as you explore.
You are clumsy. (Dex -2)


Message History

The gnoll hits you with a +2 flail of venom.
* * * LOW HITPOINT WARNING * * *
Unknown command.
It was a potion of attraction.
You feel attractive to monsters.
* * * LOW HITPOINT WARNING * * *
You feel very sick. You block the gnoll's attack.
Unknown command.
It was a potion of curing.
You feel better. You block the gnoll's attack.
Unknown command.
You slash the gnoll!
The gnoll is almost dead.
The gnoll hits you with a +2 flail of venom!
* * * LOW HITPOINT WARNING * * *
You are lethally poisoned!
You hit the gnoll.
You kill the gnoll!
* * * LOW HITPOINT WARNING * * *
You feel very sick.
Training target 4.0 for Fighting reached!
Your Fighting skill increases to level 4!
Unknown command.
It was a potion of experience.
You feel more experienced!
Your Fighting skill gained 10 levels and is now at level 14!
You have reached level 7!
* * * LOW HITPOINT WARNING * * *
You feel sick. The gnoll barely misses you.
Unknown command.
You slash the gnoll!
You kill the gnoll!
* * * LOW HITPOINT WARNING * * *
You feel sick.
Unknown command.
It was a potion of lignification.
You turn into a tree.
Your +0 pair of gloves melds into your body.
Your +0 scale mail melds into your body.
Your roots penetrate the ground.
You die...

...##...#
#......###
#.g...g.#######
,#.....g.....#
,,,
#...###g#g#.#
#...# ##g#.## ,
#...# #.###.#
##..# ##)#.## ,
,,, #..#
#♣#.#.# , ...#
##.#.## ...#
#.###.# ,
##.#.## #.#.#.#
, * ##.#.## *,
* #.###.# , *
##.#.## , ,
#.#.#.#


There were no monsters in sight!

Vanquished Creatures
  A scorpion (D:4)
  An orc priest (D:3)
  A hound (D:3)
  An orc wizard (D:3)
  3 gnolls (D:3)
  2 adders
  2 worms (D:2)
  A dart slug (D:3)
  10 orcs
  4 endoplasms
  2 giant cockroaches (D:2)
  A goblin (D:1)
  A hobgoblin (D:3)
  A quokka (D:2)
  3 ball pythons
  3 bats
  2 frilled lizards (D:3)
  3 kobolds
  5 rats
47 creatures vanquished.

Notes
Turn   | Place    | Note
-------+----------+-------------------------------------------
     0 | D:1      | tilp the Meteoran Fighter began the quest for the Orb.
     0 | D:1      | Reached XP level 1. HP: 19/19 MP: 2/2
   131 | D:2      | Reached XP level 2. HP: 25/26 MP: 3/3
   167 | D:2      | Reached skill level 1 in Dodging
   171 | D:3      | Reached XP level 3. HP: 30/31 MP: 4/4
   262 | D:2      | Reached skill level 1 in Stealth
   354 | D:3      | Reached XP level 4. HP: 6/38 MP: 1/5
   492 | D:3      | Reached XP level 5. HP: 26/45 MP: 4/6
   611 | D:3      | Reached XP level 6. HP: 41/52 MP: 5/7
   727 | D:3      | Gained mutation: You are clumsy. (Dex -2) [potion of
                  | mutation]
   728 | D:3      | HP: 1/52 [poisoned by a gnoll]
   732 | D:3      | Reached skill level 4 in Fighting
   732 | D:3      | Reached skill level 14 in Fighting
   732 | D:3      | Reached XP level 7. HP: 4/81 MP: 0/8
   733 | D:3      | HP: 1/81 [poisoned by a gnoll]
   734 | D:3      | Succumbed to a gnoll's poison

Illustrated notes

Levels and vault maps discovered:
D:1:      evilmike_arrival_plus, layout_rooms, shapermc_ecumenical_altar_gd
D:2:      minmay_chambers_of_twos, layout_loops_ring,
          minmay_fractal_squares_gapless_5
D:3:      layout_rooms, grunt_decor_junction, roderic_roman_lattice,
          minivault_23
D:4:      layout_loops_ring, nicolae_overflow_crystal_walls, uniq_ijyb,
          uniq_sigmund

Skill      XL: |  1  2  3  4  5  6 |
---------------+-------------------+-----
Dodging        | 1 2 3 |  3.3
Long Blades    | 3 4 |  4.3
Stealth        | 1 2 |  2.0
Shields        | 4 |  4.0
Armour         | 4 |  4.0
Fighting       | 14 | 14.1

Action                     |  1- 3 |  4- 6 |  7- 9 || total
---------------------------+-------+-------+-------++-------
  Melee: Long sword        |    60 |   101 |     1 ||   162
    Use: Potion            |       |     4 |     1 ||     5
 Armour: Scale mail        |    28 |    45 |       ||    73
  Dodge: Dodged            |    33 |    33 |     1 ||    67
  Block: Buckler           |    19 |    28 |       ||    47

Table legend: (Time is in decaauts)
 A = Elapsed time spent in this place.
 B = Non-inter-level travel time spent in this place.
 C = Inter-level travel time spent in this place.
 D = Time resting spent in this place.
 E = Time spent auto-exploring this place.
 F = Levels seen in this place.
 G = Mean time per level.
                   A        B        C        D        E       F      G
               +--------+--------+--------+--------+--------+-----+--------+
         Total |    778 |    677 |    101 |      2 |      0 |   4 |  194.5 |
       Dungeon |    778 |    677 |    101 |      2 |      0 |   4 |  194.5 |
               +--------+--------+--------+--------+--------+-----+--------+

Top non-repeatable levels by time:
     D:2: 404 daAuts
     D:3: 302 daAuts
     D:1: 43 daAuts
     D:4: 28 daAuts
